 Dungeon Crawl Stone Soup version 0.30.0 (webtiles) character file.

Game seed: 10457517740211924923

261 Ayyar the Sneak (level 6, 0/42 HPs)
             Began as an Octopode Brigand on May 11, 2023.
             Was an Initiate of Dithmenos.
             Shot with an arrow by a centaur (13 damage)
             ... on level 6 of the Dungeon.
             The game lasted 00:07:24 (2385 turns).

Ayyar the Sneak (Octopode Brigand)                  Turns: 2385, Time: 00:07:24

Health: 0/42       AC:  1    Str: 13    XL:     6   Next: 18%
Magic:  6/6        EV: 13    Int: 13    God:    Dithmenos [......]
Gold:   119        SH:  0    Dex: 13    Spells: 5/5 levels left

rFire   . . .        a - +2 dagger
rCold   . . .        (no shield)
rNeg    . . .        (helmet restricted)
rPois   .            (no amulet)
rElec   .            i - +4 ring of slaying
rCorr   .            (no ring)
SInv    .            (no ring)
Will    .....        (no ring)
Stlth   ++++         (no ring)
HPRegen 0.27/turn    (no ring)
MPRegen 0.10/turn    (no ring)
                     (no ring)

%: no passive effects
@: no status effects
A: almost no armour, amphibious, 8 rings, camouflage 1, gelatinous body 1,
(nimble swimmer 1), tentacles
a: Renounce Religion


You were on level 6 of the Dungeon.
You worshipped Dithmenos.
Dithmenos was noncommittal.
You visited 2 branches of the dungeon, and saw 6 of its levels.

You collected 119 gold pieces.

Inventory:

Hand Weapons
 a - a +2 dagger (weapon)
Missiles
 b - 12 poisoned darts (quivered)
 c - 3 curare-tipped darts
 u - 8 boomerangs
Jewellery
 e - a ring of wizardry
 i - a +4 ring of slaying (left tentacle)
Wands
 s - a wand of flame (34)
Scrolls
 d - 4 scrolls of identify {unknown}
 g - a scroll of enchant weapon {unknown}
 h - a scroll of amnesia {unknown}
 k - a scroll of fog {unknown}
 l - 2 scrolls of enchant armour {unknown}
 m - a scroll of magic mapping {unknown}
 n - a scroll of teleportation {unknown}
 o - a scroll of blinking {unknown}
 p - a scroll of fear {unknown}
 t - a scroll of brand weapon {unknown}
Potions
 f - 3 potions of curing {unknown}
 j - a potion of lignification {unknown}
 q - a potion of haste {unknown}
 r - a potion of mutation {unknown}
 v - a potion of heal wounds {unknown}


   Skills:
 + Level 3.0 Fighting
 + Level 3.1 Short Blades
 + Level 3.0 Throwing
 + Level 2.4 Dodging
 * Level 7.3 Stealth


You had 5 spell levels left.
You didn't know any spells.
Your spell library contained the following spells:

 Spells                   Type           Power      Damage    Failure   Level
 Sandblast                Erth           0%         2d4       30%         1
 Passwall                 Tmut/Erth      0%         N/A       43%         2
 Stone Arrow              Conj/Erth      0%         3d7       67%         3


Dungeon Overview and Level Annotations

Branches:
Dungeon (6/15)             Temple (1/1) D:5

Altars:
Ashenzari
Cheibriados
Dithmenos
Elyvilon
Fedhas
Gozag
Kikubaaqudgha
Makhleb
Qazlal
Ru
Sif Muna
Trog
Uskayaw
Vehumet
Wu Jian
The Shining One

Shops:
D:5 [

Annotations:
D:5 Sigmund


Innate Abilities, Weirdness & Mutations

You cannot wear most types of armour.
You are amphibious.
You can wear up to eight rings at the same time.
Your skin changes colour to match your surroundings (Stealth+).
Your rubbery body absorbs attacks. (AC +1, EV +1)
((You are camouflaged when in or above water. (Stealth+)))
You have tentacles for arms and can constrict up to eight enemies at once.


Message History

Sigmund shouts!
The gnoll sergeant shouts!
You hear a shout!
You hear a bark!
The jackal barks!
You hear a shout! x2
Sigmund says, "Now you see me, now you don't..."
The jackal barely misses you.
You hit the jackal. Your grab misses the jackal.
The jackal is heavily wounded.
The jackal bites you.
You hit the jackal but do no damage. Your grab misses the jackal.
You squeeze the jackal.
You kill the jackal!
Dithmenos accepts your kill.
There is a stone staircase leading down here.
HP restored.
You climb downwards.
Found 10 gold pieces and 3 javelins.
There is a stone staircase leading up here.
Found a cloak. 2 orcs and a scorpion come into view.
Found 12 gold pieces.
An orc comes into view. It is wielding a +0 hand axe.
Found 18 gold pieces.
The orc shouts! x2
An orc comes into view. It is wielding a +0 hand axe. x2
Found 11 gold pieces.
A centaur comes into view.
The centaur shouts!
The centaur wields a +0 shortbow.
The centaur shoots an arrow.
The arrow hits you!
The centaur shoots an arrow.
The arrow closely misses you.
The centaur shoots an arrow.
The arrow closely misses you.
The centaur shoots an arrow.
The arrow hits you.
The centaur shoots an arrow.
The arrow barely misses you.
The centaur shoots an arrow.
The arrow hits you.
The centaur shoots an arrow.
The arrow hits you!
* * * LOW HITPOINT WARNING * * *
You open the door.
A hound comes into view.
The centaur shoots an arrow.
The arrow hits you!
You die...

. #. .. ### .. ####
##### #<####.. ....h
#...# #.......
).....####...####.......
......'@.c..o.o.........
......####$..#####......
..... #...# #....$. ....
#...# #...... ... #.c.#
#.(.... .. #...# #.[....
. #...# #...$.. #...#
#...... #......


You could see a centaur, a hound (wandering) and 2 orcs.

Vanquished Creatures
  A phantom (D:5)
  A hound (D:5)
  An iguana (D:5)
  7 adders
  4 worms
  2 dart slugs (D:1)
  An orc (D:3)
  5 bats
  4 endoplasms
  2 giant cockroaches
  3 goblins
  5 hobgoblins
  A jackal (D:5)
  A quokka (D:1)
  7 frilled lizards
  7 kobolds
  2 rats
54 creatures vanquished.

Notes
Turn   | Place    | Note
-------+----------+-------------------------------------------
     0 | D:1      | Ayyar the Octopode Brigand began the quest for the Orb.
     0 | D:1      | Reached XP level 1. HP: 14/14 MP: 1/1
   121 | D:1      | Reached XP level 2. HP: 19/19 MP: 2/2
   356 | D:1      | Reached XP level 3. HP: 24/24 MP: 3/3
   741 | D:2      | Reached skill level 6 in Stealth
   961 | D:2      | Reached XP level 4. HP: 30/30 MP: 4/4
  1098 | D:2      | Found a faded altar of an unknown god.
  1800 | D:3      | Reached XP level 5. HP: 35/35 MP: 5/5
  1917 | D:3      | You fall into a shaft and drop 2 floors!
  1917 | D:5      | Entered Level 5 of the Dungeon
  1921 | D:5      | Found Yshejow's Antique Armour Boutique.
  1984 | D:5      | Noticed a phantom
  2005 | D:5      | Noticed Sigmund
  2006 | D:5      | Killed a phantom
  2007 | D:5      | Reached skill level 7 in Stealth
  2007 | D:5      | Reached XP level 6. HP: 27/41 MP: 6/6
  2151 | D:5      | Found a staircase to the Ecumenical Temple.
  2160 | Temple   | Entered the Ecumenical Temple
  2262 | Temple   | Became a worshipper of Dithmenos the Shadowed
  2385 | D:6      | Shot with an arrow by a centaur

Illustrated notes

Levels and vault maps discovered:
D:1:      amcnicky_arrival_wind_blow, layout_loops_ring
D:2:      layout_basic, shapermc_ecumenical_altar_pompeii,
          minmay_close_crescents
D:3:      layout_basic, portal_sewer_entry_e, grunt_ministairs_14, minivault_14,
          grunt_decor_resistance, minmay_misc_feat_cross
D:5:      kennysheep_kobold_camp, layout_basic, lemuel_round_altar,
          minmay_temple_entry_poolview, serial_shops, nicolae_shop_hallway_plus,
          minmay_circle_x, uniq_sigmund
D:6:      layout_basic
Temple:   nicolae_temple_elliptical

Skill      XL: |  1  2  3  4  5  6 |
---------------+-------------------+-----
Stealth        | 6 7 |  7.3
Dodging        | 2 |  2.4
Short Blades   | 3 |  3.1
Throwing       | 3 |  3.0
Fighting       | 3 |  3.0

Action                     |  1- 3 |  4- 6 || total
---------------------------+-------+-------++-------
  Melee: Dagger            |    50 |    52 ||   102
         Constrict         |    11 |     8 ||    19
         Tentacles         |     9 |    13 ||    22
         Punch             |       |     2 ||     2
  Throw: Dart              |     4 |    12 ||    16
   Stab: Sleeping          |    10 |     6 ||    16
         Distracted        |     1 |       ||     1
 Armour: Skin              |     7 |     1 ||     8
  Dodge: Dodged            |    22 |    22 ||    44
